 Dungeon Crawl Stone Soup version 0.18.1-48-g4cf74bf (webtiles) character file.

157 Gargoyl the Skirmisher (level 5, 0/43 HPs)
             Began as a Demonspawn Abyssal Knight on Sept 12, 2016.
             Was a Believer of Lugonu.
             Succumbed to an adder's poison
             ... on level 2 of the Dungeon.
             The game lasted 00:05:05 (1780 turns).

Gargoyl the Skirmisher (Demonspawn Abyssal Knight)  Turns: 1780, Time: 00:05:05

Health: 0/43       AC:  6    Str: 12 (13) XL:     5   Next: 15%
Magic:  7/7        EV: 11    Int: 10 (13) God:    Lugonu [**....]
Gold:   29         SH:  0    Dex: 13 (15) Spells: 0 memorised, 4 levels left

rFire  . . .     SeeInvis .     a - +1 hand axe
rCold  . . .     Gourm    .     b - +0 leather armour
rNeg   . . .     Faith    .     (no shield)
rPois  .         Spirit   .     j - +0 helmet
rElec  .         Dismiss  .     k - +0 cloak
rCorr  .         Reflect  .     (no gloves)
SustAt .         Harm     .     i - +0 pair of boots
MR     .....                    (no amulet)
Stlth  ++........               (no ring)
                                (no ring)

@: lethally poisoned (0 -> -1), not resistant to hostile enchantments,
unstealthy
A: thin skeletal structure 1
a: Depart the Abyss, Bend Space, Renounce Religion


You were on level 2 of the Dungeon.
You worshipped Lugonu.
Lugonu was pleased with you.
You were not hungry.

You visited 1 branch of the dungeon, and saw 2 of its levels.
You visited the Abyss 1 time.

You collected 29 gold pieces.

Inventory:

Hand Weapons
 a - a +1 hand axe (weapon)
 d - a +0 spear
Armour
 b - a +0 leather armour (worn)
 i - a +0 pair of boots (worn)
 j - a +0 helmet (worn)
 k - a +0 cloak (worn)
Scrolls
 g - 2 scrolls of teleportation {unknown}
Potions
 h - a potion of brilliance {unknown}
 l - a potion of magic {unknown}
Comestibles
 c - a bread ration
 f - a beef jerky
 m - 2 chunks of flesh


   Skills:
 + Level 4.6 Fighting
 + Level 2.5 Axes
 * Level 2.7 Armour
 + Level 1.3 Dodging
 + Level 2.8 Invocations


You had 4 spell levels left.
You didn't know any spells.

Dungeon Overview and Level Annotations

Branches:
Dungeon (2/15)

Altars:


Innate Abilities, Weirdness & Mutations

You have a somewhat thin skeletal structure (Dex +2, Stealth).


Message History

The worm is almost dead.
You barely miss the goblin. The goblin hits you with a club.
* * * LOW HITPOINT WARNING * * *
Unknown command.
You barely miss the worm.
The worm is almost dead.
You hit the goblin.
You kill the goblin!
Lugonu accepts your kill. The worm bites you.
* * * LOW HITPOINT WARNING * * *
You hit the worm.
The worm is almost dead.
The worm bites you.
* * * LOW HITPOINT WARNING * * *
Drink which item? (? for menu, Esc to quit)
It was a potion of degeneration.
There was something very wrong with that liquid.
You feel weakened.
You feel dopey.
You feel clumsy.
You die...

...........#
......!....#
...........##
....##......#
.... ##..#.##
...
###..#.#######
#...>........#
#............#
#..$.@.......#
#....w)......#
#............#
#............#
#............#
#####.########
#.# #.#


You could see a worm.

Vanquished Creatures
  An eye of draining (Abyss:1)
  An adder (D:2)
  A white imp (Abyss:1)
  A worm (D:1)
  3 dart slugs
  A giant gecko (D:1)
  2 ball pythons (D:2)
  4 giant cockroaches
  6 goblins
  4 hobgoblins
  2 jackals (D:1)
  3 kobolds (D:1)
  10 bats
  A giant newt (D:1)
  4 rats (D:2)
44 creatures vanquished.

Vanquished Creatures (others)
  5 starspawn tentacles (Abyss:1)
  121 starspawn tentacle segments (Abyss:1)
126 creatures vanquished.

Grand Total: 170 creatures vanquished

Notes
Turn   | Place    | Note
--------------------------------------------------------------
     0 | Abyss:1  | Gargoyl the Demonspawn Abyssal Knight began the quest for the Orb.
     0 | Abyss:1  | Reached XP level 1. HP: 18/18 MP: 2/2
    54 | Abyss:1  | Noticed a large abomination
    60 | Abyss:1  | Noticed a giant orange brain
    87 | Abyss:1  | Noticed an eye of draining
   103 | Abyss:1  | Killed an eye of draining
   103 | Abyss:1  | Reached skill level 4 in Fighting
   103 | Abyss:1  | Reached skill level 1 in Dodging
   103 | Abyss:1  | Gained mutation: You have a somewhat thin skeletal structure (Dex +2, Stealth). [demonic ancestry]
   103 | Abyss:1  | Reached XP level 2. HP: 26/26 MP: 0/4
   103 | Abyss:1  | Reached XP level 3. HP: 31/31 MP: 0/5
   103 | Abyss:1  | Reached XP level 4. HP: 38/38 MP: 0/6
   126 | Abyss:1  | Noticed a worldbinder
   130 | Abyss:1  | Noticed a vampire mosquito
   155 | Abyss:1  | Noticed a tentacled starspawn
   197 | D:1      | Escaped the Abyss
   290 | D:1      | Reached * piety under Lugonu
  1436 | D:2      | Reached XP level 5. HP: 41/43 MP: 7/7
  1458 | D:2      | Reached ** piety under Lugonu
  1779 | D:2      | HP: 1/43 [worm (3)]
  1780 | D:2      | Succumbed to an adder's poison

Skill      XL: |  1 |
---------------+----+-----
Fighting       | 4 |  4.6
Axes           | 2 |  2.5
Armour         | 2 |  2.7
Dodging        | 1 |  1.3
Invocations    | |  2.8

Action                   |  1- 3 |  4- 6 || total
-------------------------+-------+-------++-------
Melee: Hand axe          |    15 |   132 ||   147
Invok: Depart the Abyss  |       |     1 ||     1
  Use: Potion            |       |     1 ||     1
 Stab: Sleeping          |       |     3 ||     3
  Eat: Chunk             |       |     3 ||     3
Armor: Leather armour    |       |    70 ||    70
Dodge: Dodged            |       |    98 ||    98
